 Dungeon Crawl Stone Soup version 0.22.0-49-gab54619674 (webtiles) character file.

3277 IceCat the Cleaver (level 10, -13/84 HPs)
             Began as a Hill Orc Fighter on Sept 4, 2018.
             Was a Believer of the Shining One.
             Mangled by a two-headed ogre
             ... wielding a +0 giant club
              (28 damage)
             ... on level 9 of the Dungeon.
             The game lasted 00:21:00 (5840 turns).

IceCat the Cleaver (Hill Orc Fighter)               Turns: 5840, Time: 00:21:01

Health: -13/84     AC:  9    Str: 21    XL:     10   Next: 0%
Magic:  10/13      EV: 10    Int:  8    God:    the Shining One [**....]
Gold:   486        SH: 19    Dex: 12    Spells: 9/9 levels left

rFire    + . .     SeeInvis +   r - +7 spear of Contradiction {freeze, rF+ SInv}
rCold    . . .     Gourm    .   c - +0 shield
rNeg     + + .     Faith    .   b - +0 scale mail
rPois    .         Spirit   .   (no helmet)
rElec    .         Reflect  .   s - +0 cloak
rCorr    .         Harm     .   (no gloves)
MR       +....                  (no boots)
Stlth    ..........             m - amulet of regeneration
HPRegen  0.64/turn              H - ring of protection from magic
MPRegen  0.13/turn              E - ring of positive energy

@: lethally poisoned (-13 -> -13), divine shield, glowing
A: no striking features
a: Divine Shield, Renounce Religion


You were on level 9 of the Dungeon.
You worshipped the Shining One.
The Shining One was pleased with you.
You were hungry.

You visited 1 branch of the dungeon, and saw 9 of its levels.

You collected 486 gold pieces.

Inventory:

Hand Weapons
 a - a +0 war axe
 r - the +7 spear of Contradiction (weapon) {freeze, rF+ SInv}
   (You found it on level 5 of the Dungeon)

   It has been specially enchanted to freeze those struck by it, causing extra
   injury to most foes and up to half again as much damage against particularly
   susceptible opponents.
   It can also slow down cold-blooded creatures.
   It protects you from fire.
   It lets you see invisible.
 w - the +8 whip of Okawaru's Condemnation {slash, Int+2 Stlth+}
   (You found it on level 5 of the Dungeon)

   It inflicts extra damage upon your enemies.
   It affects your intelligence (+2).
   It makes you more stealthy.
Armour
 b - a +0 scale mail (worn)
 c - a +0 shield (worn)
 s - a +0 cloak (worn)
Jewellery
 i - an uncursed ring of positive energy
 k - an uncursed amulet of the gourmand
 m - an amulet of regeneration (around neck)
 E - a ring of positive energy (right hand)
 H - a ring of protection from magic (left hand)
 I - a +3 ring of intelligence
Wands
 p - a wand of iceblast (23)
 v - a wand of flame (26)
 B - a wand of enslavement (11)
Scrolls
 e - a scroll of fog
 g - 3 scrolls of teleportation
 h - 2 scrolls of identify
 j - a scroll of amnesia
 l - 4 scrolls of remove curse
 n - a scroll of fear
 o - a scroll of blinking {unknown}
 q - 2 scrolls of random uselessness {unknown}
 t - a scroll of enchant armour {unknown}
 u - 4 scrolls of immolation {unknown}
 y - a scroll of summoning {unknown}
 z - 3 scrolls of enchant weapon {unknown}
Potions
 d - 2 potions of might
 x - a potion of lignification
 A - 2 potions of flight
 C - 2 potions of heal wounds
 D - a potion of curing
 F - 2 potions of brilliance
 J - a potion of degeneration {unknown}
Comestibles
 f - 18 rations


   Skills:
 + Level 6.7 Fighting
 * Level 9.7 Axes
 * Level 7.7 Armour
 + Level 3.3 Dodging
 - Level 0.7 Stealth
 * Level 7.5 Shields
 + Level 5.0 Invocations


You had 9 spell levels left.
You didn't know any spells.
Your spell library contained the following spells:

 Spells                   Type           Power        Failure   Level  Hunger
 Animate Skeleton         Necr           N/A          95%         1    ##.....
 Apportation              Tloc           #.....       95%         1    ##.....
 Confusing Touch          Hex            #.....       95%         1    ##.....
 Summon Butterflies       Summ           #.......     95%         1    ##.....
 Summon Small Mammal      Summ           #...         95%         1    ##.....
 Call Canine Familiar     Summ           #.......     100%        3    ####...
 Summon Ice Beast         Ice/Summ       #.......     100%        4    #####..
 Summon Mana Viper        Hex/Summ       #.......     100%        5    ######.
 Summon Hydra             Summ           #.........   100%        7    #######


Dungeon Overview and Level Annotations

Branches:
Dungeon (9/15)             Temple (0/1) D:5
   Lair: D:8-11         Orc: D:9-12

Altars:
Dithmenos
Okawaru
Qazlal
Ru
Zin
The Shining One

Shops:
D:5 (

Annotations:
D:4 Blork the orc


Message History

You feel sick. You block the adder's attack.
You hit the two-headed ogre but do no damage.
The two-headed ogre is heavily wounded.
You block the adder's attack.
The two-headed ogre hits you with a giant club!
You block the two-headed ogre's attack. You block the adder's attack.
You hit the two-headed ogre but do no damage.
The two-headed ogre is heavily wounded.
You feel sick. You block the adder's attack.
The two-headed ogre hits you with a giant club!
The two-headed ogre hits you with a giant spiked club!
* * * LOW HITPOINT WARNING * * *
You puncture the two-headed ogre! You freeze the two-headed ogre.
The two-headed ogre is severely wounded.
You block the adder's attack.
You hit the two-headed ogre. You freeze the two-headed ogre.
The two-headed ogre is severely wounded.
You feel sick.
The two-headed ogre hits you with a giant club!!
You die...

#..####..#
#.........# #..###
#........#
#.........# #..#
#........#
#.........# #..#
#..####..#
#.........# #..###
#..# #..#
#.........# #.....
#..# #..#
#.W.......####.....
...####..#
#.yy...............
.........#
#SO#####.(.........
#........# #.@#
#..####.....
#..####..# #..#
#..# #..... #..#
#..# #..# #..#
#..W.. #..# #..#
#..# #..# #.....
...# #..# #..# #..#
#..... ...####..#
#... ...# #.....
#.†......# #...
.... ...###
#........# #..#
...$# #..####..#


You could see a two-headed ogre, a phantom, 2 killer bees and an adder.

Vanquished Creatures
  A two-headed ogre (D:8)
  A hippogriff (D:8)
  A hungry ghost (D:7)
  An ice beast (D:8)
  An orc warrior (D:7)
  4 sky beasts
  A centaur (D:8)
  3 ogres
  4 bullfrogs
  2 water moccasin zombies
  3 scorpions
  A killer bee (D:9)
  2 orc priests
  A bullfrog skeleton (D:5)
  A jelly (D:6)
  5 hounds
  3 iguanas
  Natasha (D:4)
  6 orc wizards
  4 worker ants
  A hound zombie (D:6)
  2 hound skeletons
  3 worker ant zombies
  3 gnolls (D:6)
  9 adders
  A shadow imp (D:7)
  A white imp (D:4)
  An adder zombie (D:6)
  2 adder skeletons (D:4)
  2 worms
  3 dart slugs
  4 leopard geckos
  26 orcs
  9 bats
  7 giant cockroaches
  9 goblins
  8 hobgoblins
  3 jackals (D:1)
  6 kobolds
  6 quokkas
  2 ball pythons (D:3)
  5 frilled lizards
  A goblin skeleton (D:4)
  4 hobgoblin zombies (D:4)
  6 kobold zombies (D:4)
  2 orc skeletons (D:4)
  An orc zombie (D:4)
  A quokka zombie (D:8)
  8 rats
182 creatures vanquished.

Notes
Turn   | Place    | Note
-------+----------+-------------------------------------------
     0 | D:1      | IceCat the Hill Orc Fighter began the quest for the Orb.
     0 | D:1      | Reached XP level 1. HP: 19/19 MP: 1/1
   138 | D:1      | Reached XP level 2. HP: 19/27 MP: 2/2
   174 | D:1      | Reached skill level 3 in Axes
   346 | D:1      | Reached XP level 3. HP: 33/33 MP: 3/3
   825 | D:2      | Found a stormy altar of Qazlal.
   835 | D:2      | Reached skill level 4 in Axes
  1133 | D:2      | Found a sacrificial altar of Ru.
  1142 | D:2      | Reached XP level 4. HP: 40/40 MP: 4/4
  1799 | D:3      | Reached skill level 5 in Axes
  1799 | D:3      | Reached XP level 5. HP: 26/47 MP: 5/5
  2091 | D:3      | Reached XP level 6. HP: 36/53 MP: 6/6
  2276 | D:4      | Found a glowing golden altar of the Shining One.
  2304 | D:4      | Reached skill level 6 in Axes
  2322 | D:4      | Became a worshipper of the Shining One
  2344 | D:4      | Found a glowing golden altar of the Shining One.
  2386 | D:4      | Noticed Natasha
  2392 | D:4      | Killed Natasha
  2451 | D:4      | Noticed Blork the orc
  2471 | D:5      | Entered Level 5 of the Dungeon
  2471 | D:5      | Found Foichuh's Weapon Emporium.
  2524 | D:5      | Got a smoking spear
  2525 | D:5      | Identified the +7 spear of Contradiction {freeze, rF+ SInv}
                  | (You found it on level 5 of the Dungeon)
  2554 | D:5      | You fall through a shaft for 2 floors!
  2576 | D:5      | Found a staircase to the Ecumenical Temple.
  2576 | D:5      | Noticed a sky beast
  2606 | D:6      | Reached XP level 7. HP: 51/60 MP: 7/7
  2636 | D:6      | Reached skill level 1 in Dodging
  2680 | D:6      | Reached skill level 1 in Invocations
  2726 | D:5      | Found a shadowy altar of Dithmenos.
  2734 | D:5      | Reached skill level 5 in Fighting
  2734 | D:5      | Reached skill level 5 in Armour
  2763 | D:5      | Reached skill level 7 in Axes
  2763 | D:5      | Reached skill level 5 in Shields
  2790 | D:5      | Reached XP level 8. HP: 68/68 MP: 9/9
  2807 | D:5      | Got a polished whip
  2808 | D:5      | Identified the +8 whip of Okawaru's Condemnation {slash,
                  | Int+2 Stlth+} (You found it on level 5 of the Dungeon)
  2856 | D:5      | Reached * piety under the Shining One
  3491 | D:6      | Noticed an angel
  3492 | D:6      | Found a glowing silver altar of Zin.
  3688 | D:7      | Reached skill level 8 in Axes
  3822 | D:7      | Found an iron altar of Okawaru.
  3824 | D:7      | Found a sacrificial altar of Ru.
  3947 | D:7      | Reached XP level 9. HP: 26/75 MP: 11/11
  4949 | D:8      | Noticed a two-headed ogre
  4968 | D:8      | The Shining One protects you from harm!
  4982 | D:8      | Killed a two-headed ogre
  4982 | D:8      | Reached skill level 9 in Axes
  5455 | D:9      | Reached ** piety under the Shining One
  5628 | D:9      | Reached skill level 5 in Invocations
  5805 | D:9      | Noticed a two-headed ogre
  5833 | D:9      | Reached XP level 10. HP: 47/84 MP: 9/13
  5840 | D:9      | Mangled by a two-headed ogre

Skill      XL: |  1  2  3  4  5  6  7  8  9 |
---------------+----------------------------+-----
Axes           | 3 4 5 6 7 8 9 |  9.7
Fighting       | 4 5 6 |  6.7
Shields        | 4 5 6 7 |  7.5
Armour         | 4 5 6 7 |  7.7
Dodging        | 1 2 3 |  3.3
Invocations    | 2 3 5 |  5.0
Stealth        | |  0.7

Action                   |  1- 3 |  4- 6 |  7- 9 | 10-12 || total
-------------------------+-------+-------+-------+-------++-------
Melee: War axe           |    98 |   247 |       |       ||   345
       Spear             |       |    15 |   154 |     7 ||   176
       Whip              |       |       |    85 |       ||    85
Invok: Divine Shield     |       |       |     1 |       ||     1
  Use: Scroll            |       |     2 |    11 |       ||    13
       Potion            |       |     2 |       |       ||     2
  Eat: Chunk             |     1 |     5 |     7 |       ||    13
       Ration            |       |       |     1 |       ||     1
Armor: Scale mail        |    53 |   112 |    58 |       ||   223
Dodge: Dodged            |    27 |    71 |    61 |     2 ||   161
Block: Shield            |    63 |   117 |   108 |    10 ||   298
